 Dungeon Crawl Stone Soup version 0.29-a0-96-g93358da72b (webtiles) character file.

Game seed: 9436659959479815152

148 Gargoyl the Skirmisher (level 5, -5/34 HPs)
             Began as a Gargoyle Abyssal Knight on Feb 12, 2022.
             Was a Follower of Lugonu.
             Slain by a gnoll (7 damage)
             ... on level 3 of the Dungeon.
             The game lasted 00:03:11 (2180 turns).

Gargoyl the Skirmisher (Gargoyle Abyssal Knight)    Turns: 2180, Time: 00:03:12

Health: -5/34      AC: 14    Str: 19    XL:     5   Next: 30%
Magic:  6/6        EV: 10    Int: 10    God:    Lugonu [*.....]
Gold:   66         SH:  0    Dex: 10    Spells: 4/4 levels left

rFire   . . .      SeeInvis .   a - +1 hand axe
rCold   . . .      Faith    .   (no shield)
rNeg    + . .      Spirit   .   d - +0 scale mail
rPois   ∞          Reflect  .   h - +1 helmet
rElec   +          Harm     .   (no cloak)
rCorr   .          Rampage  .   (no gloves)
Will    .....                   b - +0 pair of boots
Stlth   ..........              (no amulet)
HPRegen 0.11/turn               (no ring)
MPRegen 0.10/turn               (no ring)

@: no status effects
A: sickness immunity, AC +4, negative energy resistance 1, electricity
resistance, torment resistance 1, petrification resistance
a: Renounce Religion, Depart the Abyss


You were on level 3 of the Dungeon.
You worshipped Lugonu.
Lugonu was aware of your devotion.
You visited 1 branch of the dungeon, and saw 3 of its levels.
You visited the Abyss 1 time.

You collected 99 gold pieces.
You spent 33 gold pieces at shops.

Inventory:

Hand Weapons
 a - a +1 hand axe (weapon)
Armour
 b - a +0 pair of boots (worn)
 d - a +0 scale mail (worn)
 h - a +1 helmet (worn)
Scrolls
 i - a scroll of teleportation
Potions
 c - a potion of might {unknown}
 e - a potion of curing
 f - 2 potions of berserk rage {unknown}
 g - a potion of brilliance {unknown}
 k - 2 potions of heal wounds {unknown}
 l - a potion of haste


   Skills:
 + Level 4.5 Fighting
 + Level 3.2 Axes
 + Level 3.1 Armour
 + Level 1.3 Dodging
 + Level 2.1 Invocations


You had 4 spell levels left.
You didn't know any spells.
Your spell library was empty.

Dungeon Overview and Level Annotations

Branches:
Dungeon (3/15)

Altars:

Shops:
D:3 :?


Innate Abilities, Weirdness & Mutations

You are immune to sickness and miasma.
Your stone body is resilient. (AC +4)
You are immune to poison.
You resist negative energy. (rN+)
You are resistant to electric shocks. (rElec)
You are resistant to unholy torment.
You are immune to petrification.


Message History

Lugonu accepts your kill.
You hit the gnoll. The gnoll hits you but does no damage.
The gnoll hits you with a +0 flail.
You slash the gnoll!
The gnoll is heavily wounded.
You barely miss the gnoll. The gnoll hits you with a +0 flail!
* * * LOW HITPOINT WARNING * * *
The gnoll completely misses you.
Unknown command.
You closely miss the gnoll.
The gnoll is heavily wounded.
You hit the gnoll. The gnoll hits you with a +0 flail.
* * * LOW HITPOINT WARNING * * *
The gnoll hits you but does no damage.
Unknown command.
Okay, then.
You feel better. The gnoll hits you but does no damage.
The gnoll closely misses you.
You hit the gnoll.
The gnoll is severely wounded.
You barely miss the gnoll. The gnoll hits you but does no damage.
The gnoll barely misses you.
Unknown command.
You hit the gnoll.
The gnoll is severely wounded.
You hit the gnoll. The gnoll barely misses you.
The gnoll hits you with a +0 flail.
* * * LOW HITPOINT WARNING * * *
Unknown command.
You hit the gnoll but do no damage.
The gnoll is severely wounded.
You completely miss the gnoll. The gnoll barely misses you.
The gnoll hits you but does no damage. The gnoll closely misses you.
Unknown command.
You hit the gnoll.
The gnoll is almost dead.
You barely miss the gnoll. The gnoll hits you with a +0 flail!
* * * LOW HITPOINT WARNING * * *
The gnoll hits you with a +0 flail!
You die...

#..... #....##..... ....
.###.........#.
#...................
#.###.###.....#.....
#########....#........#.....
####...........###.###.#.##..#.
#.......######..#......#.##....
#.##.##.# #g#.#.##.##.##.###
#.##.##.# #@###.##<##.##...<
#.##.##.# #g# #.......######
#.##.##.# ####.########.##
#(##.##.# #.......# #.#
#.......# #.......# ##.##
#.......# #.......####.#.##
#.##.##.# #.(.....##..###.#
#.##.##.# #.......##.#.#.##
#.##..#.# #.......##.##.##


You could see 2 gnolls.

Vanquished Creatures
  Jessica (D:2)
  Terence (D:2)
  An orc wizard (D:3)
  A gnoll (D:3)
  2 adders (D:2)
  A worm (D:2)
  A dart slug (D:2)
  3 orcs (D:3)
  A ball python (D:3)
  2 bats
  2 endoplasms
  4 giant cockroaches
  4 goblins
  4 hobgoblins
  2 kobolds
  3 quokkas
  A rat (D:1)
34 creatures vanquished.

Notes
Turn   | Place    | Note
-------+----------+-------------------------------------------
     0 | Abyss:1  | Gargoyl the Gargoyle Abyssal Knight began the quest for the
                  | Orb.
     0 | Abyss:1  | Reached XP level 1. HP: 14/14 MP: 2/2
     2 | Abyss:1  | Found a corrupted altar of Lugonu.
     3 | D:1      | Escaped the Abyss
   666 | D:1      | Reached XP level 2. HP: 18/20 MP: 3/3
   776 | D:1      | Found a faded altar of an unknown god.
  1060 | D:2      | Reached * piety under Lugonu
  1088 | D:2      | Reached skill level 4 in Fighting
  1094 | D:2      | Reached skill level 1 in Dodging
  1094 | D:2      | Reached XP level 3. HP: 20/24 MP: 4/4
  1377 | D:2      | Noticed Terence
  1392 | D:2      | Killed Terence
  1393 | D:2      | Reached XP level 4. HP: 23/29 MP: 5/5
  1490 | D:2      | Identified the +5 dagger of Sulphur {drain, Contam rElec
                  | rCorr}
  1741 | D:2      | Noticed Jessica
  1753 | D:2      | Killed Jessica
  1920 | D:3      | Found Orghoil's Magic Scroll Shop.
  1925 | D:3      | Found Ahiu's Book Emporium.
  1955 | D:3      | Reached XP level 5. HP: 33/34 MP: 6/6
  1990 | D:3      | Bought a scroll of teleportation for 33 gold pieces
  2180 | D:3      | Slain by a gnoll

Illustrated notes

Levels and vault maps discovered:
D:1:      eino_arrival_water_star, layout_rooms,
          hellmonk_ecumenical_altar_arch_garden
D:2:      layout_basic, uniq_jessica, uniq_terence
D:3:      layout_loops_cross, serial_shops, shop, shop_scrolls, shop_scrolls,
          nicolae_square_shop, nicolae_diamond_shop, uniq_grinder

Skill      XL: |  1  2  3  4 |
---------------+-------------+-----
Axes           | 2 3 |  3.2
Fighting       | 4 |  4.5
Dodging        | 1 |  1.3
Armour         | 3 |  3.1
Invocations    | |  2.1

Action                   |  1- 3 |  4- 6 || total
-------------------------+-------+-------++-------
Melee: Hand axe          |   104 |    38 ||   142
       Punch             |       |     1 ||     1
Invok: Depart the Abyss  |     1 |       ||     1
  Use: Scroll            |     3 |     2 ||     5
       Potion            |     1 |     1 ||     2
Armor: Scale mail        |    72 |    28 ||   100
       Leather armour    |     2 |       ||     2
Dodge: Dodged            |    63 |    37 ||   100

Table legend: (Time is in decaauts)
 A = Elapsed time spent in this place.
 B = Non-inter-level travel time spent in this place.
 C = Inter-level travel time spent in this place.
 D = Time resting spent in this place.
 E = Time spent auto-exploring this place.
 F = Levels seen in this place.
 G = Mean time per level.
                   A        B        C        D        E       F      G
               +--------+--------+--------+--------+--------+-----+--------+
         Total |   2208 |   2131 |     77 |      0 |   1700 |   4 |  552.0 |
       Dungeon |   2205 |   2128 |     77 |      0 |   1698 |   3 |  735.0 |
         Abyss |      3 |      3 |      0 |      0 |      2 |   1 |    3.0 |
               +--------+--------+--------+--------+--------+-----+--------+

Top non-repeatable levels by time:
     D:2: 1059 daAuts
     D:1: 862 daAuts
     D:3: 283 daAuts
 Abyss:1: 3 daAuts
